 Dungeon Crawl Stone Soup version 0.28.0-1-gb440e238dd (webtiles) character file.

Game seed: 11014503771100520977

27535 Hasart the Carver (level 13, -9/156 HPs)
             Began as a Barachi Berserker on Feb 19, 2022.
             Was a High Priest of Trog.
             Mangled by a two-headed ogre (16 damage)
             ... in a volcano.
             The game lasted 00:35:59 (17270 turns).

Hasart the Carver (Barachi Berserker)              Turns: 17270, Time: 00:35:59

Health: -9/156     AC: 14    Str: 22    XL:     13   Next: 33%
Magic:  13/13      EV: 12    Int:  9    God:    Trog [*****.]
Gold:   200        SH:  6    Dex: 16    Spells: 12/12 levels left

rFire   + . .      SeeInvis +   z - +3 scimitar (spect)
rCold   . . .      Faith    .   l - +0 buckler
rNeg    + . .      Spirit   .   Q - +0 chain mail {rPois}
rPois   +          Reflect  .   F - +1 helmet {SInv}
rElec   .          Harm     .   (no cloak)
rCorr   .          Rampage  .   (no gloves)
Will    .....                   (no boots)
Stlth   ..........              (no amulet)
HPRegen 0.36/turn               s - +4 ring of slaying
MPRegen 0.13/turn               S - ring "Mewaiq" {rF+ rN+ Dex+4 SInv}

@: berserking, quick
A: amphibious, slowness 1, strong legs 2, +LOS
a: Hop, Renounce Religion, Berserk, Trog's Hand, Brothers in Arms


You were in a volcano.
You worshipped Trog.
Trog was extremely pleased with you.
You visited 3 branches of the dungeon, and saw 15 of its levels.
You visited the Abyss 1 time.
You also visited: Ossuary and Volcano.

You collected 1566 gold pieces.
You spent 1366 gold pieces at shops.

Inventory:

Hand Weapons
 z - a +3 spectral scimitar (weapon)
 T - a +1 demon blade of freezing
Missiles
 d - 13 boomerangs (quivered)
 h - 52 poisoned darts
 i - a throwing net
 L - 2 curare-tipped darts
 P - 7 javelins
 R - 3 silver javelins
Armour
 l - a +0 buckler (worn)
 m - a +1 plate armour
 A - +0 steam dragon scales
 F - a +1 helmet of see invisible (worn)
 Q - a +0 chain mail of poison resistance (worn)
Jewellery
 r - a ring of protection from fire
 s - a +4 ring of slaying (left hand)
 H - a ring of resist corrosion
 S - the ring "Mewaiq" (right hand) {rF+ rN+ Dex+4 SInv}
   (You bought it in a shop on level 2 of the Orcish Mines)

   [ring of see invisible]

   Dex:       It affects your dexterity (+4).
   rF:        It protects you from fire.
   rN:        It protects you from negative energy.
   SInv:      It lets you see invisible.
Wands
 u - a wand of iceblast (8)
 v - a wand of polymorph (9)
 x - a wand of charming (14)
 y - a wand of acid (4)
 C - a wand of mindburst (14)
 I - a wand of flame (3)
 J - a wand of digging (5)
 N - a wand of paralysis (5)
Scrolls
 k - a scroll of teleportation
 n - 4 scrolls of fog
 p - a scroll of noise
 B - a scroll of magic mapping
 E - 3 scrolls of silence
 G - a scroll of brand weapon
 O - 3 scrolls of identify
Potions
 b - 5 potions of attraction {unknown}
 c - 2 potions of magic {unknown}
 e - 3 potions of might
 f - 4 potions of brilliance
 g - 2 potions of flight
 j - 5 potions of curing
 o - 7 potions of lignification
 q - 5 potions of resistance
 t - 4 potions of mutation
 w - 3 potions of heal wounds {unknown}
 D - 2 potions of degeneration {unknown}
 K - 2 potions of haste {unknown}
 M - a potion of cancellation {unknown}


   Skills:
 + Level 10.3 Fighting
 * Level 14.2 Long Blades
 + Level 7.9 Throwing
 + Level 10.1 Armour
 + Level 9.2 Dodging
 + Level 8.5 Shields
 + Level 7.6 Evocations


You had 12 spell levels left.
You didn't know any spells.
Your spell library was empty.

Dungeon Overview and Level Annotations

Branches:
Dungeon (12/15)            Temple (0/1) D:7            Lair (1/6) D:10
    Orc (2/2) D:10            Elf (0/3) Orc:2       Ossuary (visited)
Volcano (1/1)

Altars:
Nemelex Xobeh
Qazlal
Sif Muna
Trog
Uskayaw
Xom
Yredelemnul
Beogh

Shops:
D:11 (   Orc:2 [=*(*


Innate Abilities, Weirdness & Mutations

You are amphibious.
You cover ground slowly.
You can hop long distances.
You have an extended range of vision and can be seen from far away.


Message History

Unknown command.
You slash the ogre mage!
The ogre mage is almost dead.
Your +3 spectral scimitar completely misses the ogre mage.
The molten gargoyle blasts magma at you!
The bolt of magma hits you! You partially resist.
* * * LOW HITPOINT WARNING * * *
You block the ogre mage's attack.
A red film seems to cover your vision as you go berserk!
You feel yourself moving faster!
You feel mighty! You block the molten gargoyle's attack.
The ogre mage hits you but does no damage.
You slash the ogre mage!
The ogre mage is almost dead.
Your +3 spectral scimitar hits the ogre mage!
You kill the ogre mage!
Trog accepts your kill.
Trog appreciates your killing of a magic user.
You hit the molten gargoyle.
The molten gargoyle is moderately damaged.
Your +3 spectral scimitar barely misses the molten gargoyle.
You block the molten gargoyle's attack.
You slash the molten gargoyle!
The molten gargoyle is severely damaged.
Your +3 spectral scimitar hits the molten gargoyle but does no damage.
You slash the molten gargoyle!
You destroy the molten gargoyle!
Trog accepts your kill.
You slash the two-headed ogre!
The two-headed ogre is lightly wounded.
Your +3 spectral scimitar hits the two-headed ogre!
You slash the two-headed ogre!
The two-headed ogre is heavily wounded.
Your +3 spectral scimitar hits the two-headed ogre!
The two-headed ogre hits you with a +0 giant club of flaming!!
* * * LOW HITPOINT WARNING * * *
The two-headed ogre burns you.
* * * LOW HITPOINT WARNING * * *
The two-headed ogre hits you with a +1 great mace of flaming!
You die...

##### ##....≈≈≈≈≈≈≈
##$$$###...≈≈§≈≈≈≈≈≈ #
#..8..#...≈≈≈≈≈≈≈§≈≈
#.##.....#...≈≈≈≈§§≈§≈≈
)8.....###..≈≈≈§≈§≈≈§
#§§§.. ##..≈≈≈§§≈≈≈
#.§)# ##..§≈§≈≈§≈ ##)##
###..≈≈≈≈≈≈≈
#@§.###8.§§§§≈≈≈≈≈
#.._..O(§.'......§§≈≈≈§≈
##....#...###8.....≈≈≈≈≈
#+#####+## ####.....§§≈
####...§. ######


You could see a two-headed ogre (fast) and a friendly +3 spectral scimitar
(summoned).

Vanquished Creatures
  An orc warlord (Orc:2)
  2 hydras
  An ogre mage (Volcano)
  A boulder beetle (D:11)
  3 two-headed ogres
  An orc high priest (Orc:2)
  Urug (Orc:2)
  Sonja (D:11)
  3 orc knights (Orc:2)
  A cyclops (D:12)
  3 orc sorcerers
  A worldbinder (Abyss:2)
  A molten gargoyle (Volcano)
  A gargoyle (D:12)
  Maggie (D:6)
  3 komodo dragons (Lair:1)
  5 trolls
  A hornet (D:9)
  2 slime creatures (D:11)
  2 wraiths (D:10)
  A wyvern (D:9)
  A shadow (D:11)
  24 yaks
  4 fire bats (Volcano)
  A chaos spawn (D:11)
  A basilisk (Lair:1)
  2 wargs
  3 acid dragons
  4 water moccasins
  5 ice beasts
  26 orc warriors
  2 black bears
  11 ogres
  10 centaurs
  Blork the orc (Orc:2)
  2 kobold brigands
  6 bullfrogs
  A scorpion (D:4)
  7 water moccasin zombies
  3 electric eels
  4 crimson imps (D:6)
  7 lava snakes (Volcano)
  2 bullfrog zombies (D:5)
  6 centaur zombies
  A hound (D:4)
  15 orc priests
  3 jellies
  A bullfrog skeleton (D:7)
  A gnoll shaman (D:5)
  Natasha (D:3)
  6 iguanas
  20 orc wizards
  A hound zombie (D:5)
  2 mummies (Ossuary)
  A hound skeleton (D:5)
  A howler monkey zombie (D:5)
  A howler monkey skeleton (D:5)
  4 gnolls (D:5)
  6 adders
  An adder skeleton (D:4)
  2 adder zombies (Ossuary)
  3 worms
  2 dart slugs
  49 orcs
  5 endoplasms
  6 giant cockroaches
  6 gnoll zombies (Ossuary)
  7 goblins
  4 hobgoblins
  5 jackals
  3 quokkas
  A ball python (D:3)
  5 bats
  3 frilled lizards
  4 hobgoblin zombies (Ossuary)
  16 kobolds
  3 kobold zombies (Ossuary)
  4 orc zombies (Ossuary)
  6 rats
368 creatures vanquished.

Vanquished Creatures (others)
  32 fungi (D:10)
  55 plants
87 creatures vanquished.

Grand Total: 455 creatures vanquished

Notes
Turn   | Place    | Note
-------+----------+-------------------------------------------
     0 | D:1      | Hasart the Barachi Berserker began the quest for the Orb.
     0 | D:1      | Reached XP level 1. HP: 18/18 MP: 1/1
   123 | D:1      | Reached XP level 2. HP: 25/25 MP: 2/2
   154 | D:1      | Reached skill level 4 in Long Blades
   867 | D:1      | Reached XP level 3. HP: 24/30 MP: 3/3
  1757 | D:2      | Reached XP level 4. HP: 34/37 MP: 4/4
  2159 | D:3      | Reached skill level 1 in Throwing
  2309 | D:3      | Reached ** piety under Trog
  2402 | D:3      | Noticed Natasha
  2415 | D:3      | Killed Natasha
  2787 | D:3      | Found a stormy altar of Qazlal.
  2788 | D:3      | Found a sparkling altar of Nemelex Xobeh.
  2964 | D:3      | Reached XP level 5. HP: 42/42 MP: 5/5
  3588 | D:4      | Reached skill level 5 in Long Blades
  4028 | D:4      | Reached skill level 1 in Shields
  4028 | D:4      | Reached XP level 6. HP: 45/49 MP: 6/6
  4570 | D:5      | Entered Level 5 of the Dungeon
  4570 | D:5      | Noticed an ice beast
  4693 | D:5      | Reached XP level 7. HP: 45/55 MP: 7/7
  4699 | D:5      | Reached skill level 5 in Fighting
  4699 | D:5      | Reached skill level 6 in Long Blades
  5186 | D:5      | Reached XP level 8. HP: 63/63 MP: 8/8
  5274 | D:5      | Reached skill level 7 in Long Blades
  5274 | D:5      | Reached skill level 5 in Armour
  5609 | D:5      | Noticed a moth of wrath
  5611 | D:5      | Found a bloodstained altar of Trog.
  5756 | D:6      | Reached *** piety under Trog
  6075 | D:6      | Found a sand-covered staircase.
  6082 | D:6      | Noticed Maggie
  6096 | D:6      | Killed Maggie
  6097 | D:6      | Reached skill level 8 in Long Blades
  6097 | D:6      | Reached skill level 5 in Dodging
  6097 | D:6      | Reached skill level 1 in Evocations
  6097 | D:6      | Reached XP level 9. HP: 69/69 MP: 9/9
  6101 | Ossuary  | Entered an ossuary
  7024 | D:6      | Found a shimmering altar of Xom.
  7087 | D:6      | Found a shimmering altar of Xom.
  7261 | D:7      | Reached skill level 9 in Long Blades
  7269 | D:7      | Reached **** piety under Trog
  7376 | D:7      | Found a staircase to the Ecumenical Temple.
  8111 | D:8      | Reached skill level 5 in Shields
  8114 | D:8      | Reached XP level 10. HP: 64/79 MP: 10/10
  8380 | D:8      | Reached skill level 5 in Throwing
  8382 | D:8      | Reached skill level 10 in Long Blades
  9853 | D:9      | Paralysed by a hornet for 2 turns
 10103 | D:9      | Found a shimmering blue altar of Sif Muna.
 10105 | D:9      | Found a hide-covered altar of Uskayaw.
 10108 | D:9      | Found a basalt altar of Yredelemnul.
 10812 | D:10     | Entered Level 10 of the Dungeon
 10824 | D:10     | Found a staircase to the Orcish Mines.
 10877 | D:10     | Reached XP level 11. HP: 67/86 MP: 11/11
 10936 | D:10     | Reached skill level 11 in Long Blades
 10949 | D:10     | Reached skill level 5 in Evocations
 11089 | D:10     | Found a staircase to the Lair.
 11112 | D:10     | Noticed a two-headed ogre
 11121 | D:10     | Killed a two-headed ogre
 11326 | D:10     | Reached ***** piety under Trog
 12157 | D:11     | Noticed a boulder beetle
 12171 | D:11     | Killed a boulder beetle
 12310 | D:11     | Noticed a five-headed hydra
 12318 | D:11     | Killed a five-headed hydra
 12319 | D:11     | Reached skill level 12 in Long Blades
 12567 | D:11     | Noticed Sonja
 12568 | D:11     | Cast into level 2 of the Abyss (Sonja)
 12594 | Abyss:2  | Noticed a worldbinder
 12604 | Abyss:2  | Killed a worldbinder
 12615 | Abyss:2  | Noticed a thrashing horror
 12616 | Abyss:2  | Noticed a thrashing horror
 12619 | D:11     | Escaped the Abyss
 12624 | D:11     | Killed Sonja
 12625 | D:11     | Reached XP level 12. HP: 53/95 MP: 12/12
 13099 | D:11     | Found Loka Cupt's Weapon Boutique.
 13107 | D:11     | Bought 3 boomerangs for 21 gold pieces
 13179 | D:12     | Noticed a four-headed hydra
 13189 | D:12     | Killed a four-headed hydra
 13635 | Orc:1    | Entered Level 1 of the Orcish Mines
 13758 | Orc:1    | Noticed a sun demon
 13758 | Orc:1    | Paralysed by an orc sorcerer for 4 turns
 14300 | Orc:1    | Found a shimmering blue altar of Sif Muna.
 14431 | Orc:2    | Entered Level 2 of the Orcish Mines
 14624 | Orc:2    | Found a staircase to the Elven Halls.
 14749 | Orc:2    | Reached skill level 13 in Long Blades
 14989 | Orc:2    | Noticed Urug
 15013 | Orc:2    | Killed Urug
 15237 | Orc:2    | Noticed an orc high priest
 15357 | Orc:2    | Killed an orc high priest
 15357 | Orc:2    | Received a gift from Trog
 15392 | Orc:2    | Noticed Blork the orc
 15397 | Orc:2    | Killed Blork the orc
 15553 | Orc:2    | Noticed an orc warlord
 15562 | Orc:2    | Found Gemmof's Assorted Antiques.
 15873 | Orc:2    | Killed an orc warlord
 15944 | Orc:2    | Gained mutation: You can hop long distances. [Barachi
                  | growth]
 15944 | Orc:2    | Reached XP level 13. HP: 87/103 MP: 13/13
 15949 | Orc:2    | Reached skill level 10 in Fighting
 16123 | Orc:2    | Found Wyz Qizxo's Antique Weapon Emporium.
 16123 | Orc:2    | Found Wayzeer's General Store.
 16127 | Orc:2    | Found Ateppa's Jewellery Emporium.
 16128 | Orc:2    | Found Naiza's Antique Armour Emporium.
 16208 | Orc:2    | Bought 3 silver javelins for 115 gold pieces
 16240 | Orc:2    | Bought the ring "Mewaiq" {rF+ rN+ Dex+4 SInv} for 582 gold
                  | pieces
 16704 | Orc:2    | Bought a runed demon blade for 648 gold pieces
 16805 | Lair:1   | Entered Level 1 of the Lair of Beasts
 16869 | Lair:1   | Reached skill level 10 in Armour
 16977 | Lair:1   | Found a dark tunnel.
 16982 | Volcano  | Entered a volcano
 17009 | Volcano  | Reached skill level 14 in Long Blades
 17251 | Volcano  | Received a gift from Trog
 17255 | Volcano  | Found a bloodstained altar of Trog.
 17259 | Volcano  | Paralysed by an ogre mage for 3 turns
 17270 | Volcano  | HP: 7/156 [two-headed ogre (2)]
 17270 | Volcano  | Mangled by a two-headed ogre

Illustrated notes

Levels and vault maps discovered:
D:1:      dpeg_arrival_rooms_with_view, layout_basic
D:2:      layout_basic, wad_woods_river_04
D:3:      wad_crossroads, layout_basic, nicolae_overflow_squiral,
          grunt_decor_cap, uniq_natasha
D:4:      layout_cave_pools, kennysheep_generic_room_16
D:5:      layout_rooms, tgw_trog
D:6:      layout_rooms, led_xom_imps, nicolae_ossuary_entry_ruins,
          kennysheep_flooded_box, minivault_4, uniq_maggie
D:7:      layout_loops_cross, minmay_temple_entry_overgrown
D:8:      layout_loops_ring, fountainhead, kennysheep_pointless_box,
          serial_bayou_pond_a
D:9:      layout_stronghold, minitemple
D:10:     layout_rooms, due_lair_maze_entry_diamond, orc_0_dummy
D:11:     layout_gridville, serial_shops, shop, uniq_sonja
D:12:     layout_roguey
Lair:1:   layout_small_grid, nicolae_volcano_entry_s_turn, kennysheep_rathole,
          grunt_megastairs_3, infiniplex_staircase_pool, serial_bayou_shore_b,
          serial_bayou_shore_a
Orc:1:    layout_diamond_mine, led_sif_book
Orc:2:    grunt_orc_cross, layout_caves, basic_altar, serial_shops,
          nicolae_shop_overgrown_old_shop
Volcano:  volcano_grotto [vgs_many_chambers]

Skill      XL: |  1  2  3  4  5  6  7  8  9 10 11 12 13 |
---------------+----------------------------------------+-----
Long Blades    | 4 5 6 8 9 10 12 13 14 | 14.2
Fighting       | 4 5 6 7 8 9 10 | 10.3
Armour         | 3 4 5 6 7 8 9 10 | 10.1
Throwing       | 1 2 3 4 5 6 7 |  7.9
Dodging        | 3 4 5 6 7 8 9 |  9.2
Shields        | 1 2 3 5 6 7 8 |  8.5
Evocations     | 1 3 4 6 7 |  7.6

Action                   |  1- 3 |  4- 6 |  7- 9 | 10-12 | 13-15 || total
-------------------------+-------+-------+-------+-------+-------++-------
Melee: Falchion          |   113 |   174 |   287 |       |       ||   574
       Punch             |     1 |     3 |       |       |       ||     4
       Scimitar          |       |       |     6 |   320 |    77 ||   403
Throw: Boomerang         |     2 |    11 |    64 |   106 |    18 ||   201
       Dart              |       |     3 |       |    12 |       ||    15
Invok: Berserk           |     1 |     4 |     5 |     4 |     1 ||    15
       Trog's Hand       |       |       |       |     1 |       ||     1
 Abil: Hop               |       |       |       |     1 |       ||     1
Evoke: Wand              |       |       |     1 |     8 |       ||     9
  Use: Scroll            |       |       |    17 |     6 |     1 ||    24
 Stab: Sleeping          |       |     1 |       |       |       ||     1
       Distracted        |       |       |       |     4 |       ||     4
Armor: Animal skin       |    24 |    22 |       |       |       ||    46
       Plate armour      |       |    24 |   105 |   138 |       ||   267
       Chain mail        |       |       |       |     3 |    20 ||    23
Dodge: Dodged            |    75 |    97 |    60 |    88 |    21 ||   341
Block: Buckler           |       |    12 |    38 |    71 |    14 ||   135
